 Dungeon Crawl Stone Soup version 0.17.2 (webtiles) character file.

27488 Charly the Black Belt (level 13, -2/68 HPs)
             Began as a Vine Stalker Monk on May 26, 2016.
             Was a High Priest of Okawaru.
             Killed from afar by a shock serpent (4 damage)
             ... with an electric aura
             ... on level 3 of the Snake Pit.
             The game lasted 01:00:40 (3929 turns).

Charly the Black Belt (Vine Stalker Monk)           Turns: 3929, Time: 01:00:41

Health: -2/68      AC: 25    Str: 14    XL:     13   Next: 32%
Magic:  0/35       EV: 20    Int: 12    God:    Okawaru [*****.]
Gold:   360        SH: 10    Dex: 23    Spells: 1 memorised, 10 levels left

rFire  + + .     SeeInvis +       - Unarmed
rCold  . . .     Clarity  .     i - +4 scale mail of Listlessness {rElec Dex+3 Stlth-}
rNeg   . . .     SustAt   .     E - +2 buckler
rPois  .         Gourm    .     c - +1 hat
rElec  +         Spirit   +     v - +0 cloak "Magetz" {rF+ MR+ MP+9 SInv}
rCorr  .         Warding  .     o - +2 pair of gloves
rMut   .         Stasis   +     g - +1 pair of boots
MR     ++...                    S - amulet of stasis
Stlth  ++........               s - ring of magical power
                                x - ring of see invisible

@: lethally poisoned (-2 -> -18), heroism, very resistant to hostile
enchantments, unstealthy
A: antennae 1, fangs 3, large bone plates 1, slimy green scales 1, fire
resistance 1, regeneration 3, magic shield, antimagic bite, no device heal 3,
rot immunity, subdued magic 1
a: Heroism, Finesse, Renounce Religion


You were on level 3 of the Snake Pit.
You worshipped Okawaru.
Okawaru was extremely pleased with you.
You were hungry.

You visited 4 branches of the dungeon, and saw 23 of its levels.
You also visited: Labyrinth and Ossuary.

You collected 360 gold pieces.

Inventory:

Hand Weapons
 n - a +6 blowgun
Missiles
 e - 16 poisoned needles
 h - 2 curare-tipped needles
 u - a throwing net (quivered)
Armour
 c - a +1 hat (worn)
 g - a +1 pair of boots (worn)
 i - the +4 scale mail of Listlessness (worn) {rElec Dex+3 Stlth-}
   (You found it on level 4 of the Dungeon)

   It affects your dexterity (+3).
   It insulates you from electricity.
   It makes you less stealthy.
 o - a +2 pair of gloves (worn)
 v - the +0 cloak "Magetz" (worn) {rF+ MR+ MP+9 SInv}
   (Okawaru gifted it to you on level 8 of the Lair of Beasts)

   It protects you from fire.
   It affects your resistance to hostile enchantments.
   It affects your magic capacity (+9).
   It lets you see invisible.
 E - a +2 buckler (worn)
 F - a quicksilver dragon armour
 G - the +5 ring mail of Free Will {rC+}
   (You found it in a labyrinth)

   It protects you from cold.
 P - a +0 cloak of invisibility
Magical Staves
 D - an uncursed staff of earth
 K - an uncursed staff of energy
Jewellery
 s - a ring of magical power (right hand)
 w - an uncursed ring of wizardry
 x - a ring of see invisible (left hand)
 C - an uncursed amulet of resist corrosion
 M - an uncursed amulet of resist mutation
 S - an amulet of stasis (around neck)
Wands
 k - a wand of hasting (2)
 I - a wand of draining (4)
 J - a wand of draining (7)
 N - a wand of random effects (22)
Scrolls
 a - 3 scrolls of fear
 j - a scroll of amnesia
 p - 5 scrolls of enchant armour
 t - a scroll of remove curse
 A - 2 scrolls of immolation
 Q - a scroll of recharging
 T - a scroll of magic mapping
Potions
 f - 2 potions of degeneration
 l - 2 potions of flight
 m - a potion of heal wounds
 r - 5 potions of curing
 z - 3 potions of agility
 O - a potion of resistance {unknown}
 R - a potion of lignification {unknown}
Books
 q - a book of Cantrips

   Spells                             Type                      Level
   a - Corona                         Hexes                        1
   b - Animate Skeleton               Necromancy                   1
   c - Summon Small Mammal            Summoning                    1
   d - Apportation                    Translocation                1
 H - a book of Fire

   Spells                             Type                      Level
   a - Ignite Poison                  Fire/Transmutation/Poison    3
   b - Fireball                       Conjuration/Fire             5
   c - Bolt of Fire                   Conjuration/Fire             6
   d - Delayed Fireball               Conjuration/Fire             7
   e - Ring of Flames                 Charms/Fire                  7
 L - Roxanne's Guide on Ashen Transmigration
   (You found it in a labyrinth)

   Spells                             Type                      Level
   a - Stone Arrow                    Conjuration/Earth            3
   b - Passwall                       Transmutation/Earth          3
   c - Alistair's Intoxication        Transmutation/Poison         4
   d - Statue Form                    Transmutation/Earth          6
Miscellaneous
 y - a box of beasts
 B - a legendary deck of escape
Comestibles
 b - 8 bread rations
 d - 4 meat rations


   Skills:
 - Level 7.7(12.7) Fighting
 - Level 6.8(11.8) Armour
 - Level 7.3(12.3) Dodging
 - Level 2.4(7.4) Stealth
 - Level 16.2(21.2) Unarmed Combat
 + Level 2.2 Spellcasting
 * Level 3.1 Transmutations
 * Level 3.0 Earth Magic


You had 10 spell levels left.
You knew the following spells:

 Your Spells              Type           Power        Failure   Level  Hunger
S - Statue Form           Trmt/Erth      #........    100%        6    #######


Dungeon Overview and Level Annotations

Branches:
Dungeon (10/15)            Temple (1/1) D:5            Lair (8/8) D:10
  Snake (4/4) Lair:4        Slime (0/6) Lair:7
  Swamp: Lair:3-6    Shoals: Lair:3-6       Orc: D:9-12

Altars:
Ashenzari
Dithmenos
Elyvilon
Fedhas
Gozag
Makhleb
Nemelex Xobeh
Okawaru
Ru
Sif Muna
Trog
Vehumet
Xom
Yredelemnul
Zin
The Shining One

Shops:
D:7 %

Annotations:
D:3 Ijyb, Sigmund


Innate Abilities, Weirdness & Mutations

You have razor-sharp teeth.
You regenerate.
When hurt, damage is shared between your health and your magic reserves.
Your bite disrupts and absorbs the magic of your enemies.
Potions and wands cannot restore your health.
You are immune to rotting.
You have a pair of small antennae on your head.
You are partially covered in large bone plates (AC +2, SH +2).
You are partially covered in slimy green scales (AC +2).
Your flesh is heat resistant.
Your spells are a little easier to cast, but a little less powerful.


Message History

The naga ritualist is lightly wounded.
Okawaru accepts your kill. The fiery explosion engulfs you! You resist.
The fiery explosion engulfs the naga ritualist.
The naga ritualist is severely wounded.
Okawaru is honoured by your kill.
Your Transmutations skill increases to level 3!
Your Earth Magic skill increases to level 3!
The shock serpent's electric aura discharges violently!
The lightning shocks you.
* * * LOW HITPOINT WARNING * * *
The naga ritualist is engulfed in roaring flames.
The shock serpent is engulfed in roaring flames.
The shock serpent bites you.
* * * LOW HITPOINT WARNING * * *
The shock serpent shocks you. You resist.
* * * LOW HITPOINT WARNING * * *
The shock serpent's electric aura discharges!
The lightning shocks you.
You die...

#####
#.§§#
#S@§#
#SN§§#
##§§§#
#....#.S
##.....#
.♣...#
##..%%##
#.%..##
##...#


You could see a naga ritualist (inner flame), a shock serpent (inner flame) and
a black mamba (inner flame).

Vanquished Creatures
  A minotaur (Lab)
  A hydra (Lair:8)
  4 naga warriors
  2 anacondas
  6 death yaks (Lair:8)
  2 shock serpents
  A naga sharpshooter (Snake:1)
  A mana viper (Snake:3)
  A salamander (Snake:1)
  2 naga magi
  3 black mambas
  4 spiny frogs
  3 komodo dragons
  2 polar bears (Lair:8)
  A spriggan druid (Lair:8)
  7 blink frogs
  5 redbacks (Lair:8)
  5 spriggans (Lair:8)
  15 yaks
  3 basilisks
  9 wolves (Lair:8)
  4 hippogriffs
  3 wargs
  4 water moccasins
  4 porcupines
  4 black bears
  3 nagas
  A phantom (D:7)
  2 ogres
  2 wasps (Lair:8)
  7 crocodiles
  8 giant frogs
  4 water moccasin zombies (Ossuary)
  A wyvern zombie (D:6)
  A wyvern skeleton (D:7)
  3 crimson imps
  3 hounds
  A jelly (D:7)
  2 orc wizards
  2 orc priests
  3 iguanas
  5 hell rats (Lair:3)
  6 worker ants
  5 big kobold zombies (Ossuary)
  2 hound zombies
  2 mummies (Ossuary)
  4 adders
  21 river rats
  4 adder zombies (Ossuary)
  A worm (D:5)
  A giant gecko (D:7)
  7 orcs
  3 giant cockroaches
  A hobgoblin (D:1)
  5 jackals
  A bat (D:3)
  A giant newt (D:3)
  A gnoll zombie (Ossuary)
  A goblin (D:1)
  2 hobgoblin zombies (Ossuary)
  A kobold (D:2)
  4 kobold zombies (Ossuary)
  4 orc zombies (Ossuary)
  2 rats
224 creatures vanquished.

Vanquished Creatures (others)
  8 fungi (Lair:8)
  12 plants (Lair:8)
20 creatures vanquished.

Grand Total: 244 creatures vanquished

Notes
Turn   | Place    | Note
--------------------------------------------------------------
     0 | D:1      | Charly the Vine Stalker Monk began the quest for the Orb.
     0 | D:1      | Reached XP level 1. HP: 11/11 MP: 2/2
   122 | D:3      | Noticed Sigmund
   122 | D:3      | Noticed Ijyb
   155 | D:4      | Noticed a centaur skeleton
   244 | D:4      | Reached XP level 2. HP: 14/16 MP: 1/3
   280 | D:4      | Got an encrusted scale mail
   291 | D:4      | Identified the +4 scale mail of Listlessness {rElec Dex+3 Stlth-} (You found it on level 4 of the Dungeon)
   362 | D:5      | Entered Level 5 of the Dungeon
   378 | D:5      | Reached XP level 3. HP: 19/19 MP: 4/4
   432 | D:5      | Reached skill level 5 in Unarmed Combat
   498 | D:6      | Found a sand-covered staircase.
   502 | Ossuary  | Entered an ossuary
   526 | Ossuary  | Reached XP level 4. HP: 23/23 MP: 5/5
   541 | Ossuary  | Reached skill level 6 in Unarmed Combat
   541 | Ossuary  | Reached XP level 5. HP: 25/27 MP: 6/6
   560 | Ossuary  | Reached skill level 7 in Unarmed Combat
   566 | Ossuary  | Gained mutation: You heal very quickly. [Vine Stalker growth]
   566 | Ossuary  | Reached XP level 6. HP: 30/32 MP: 7/7
   761 | D:6      | Noticed a giant frog
   767 | D:6      | Killed a giant frog
   767 | D:6      | Reached skill level 8 in Unarmed Combat
   767 | D:6      | Reached XP level 7. HP: 35/35 MP: 8/8
   943 | D:7      | Reached skill level 9 in Unarmed Combat
  1039 | D:8      | Found a radiant altar of Vehumet.
  1047 | D:8      | Gained mutation: You have razor-sharp teeth. [Vine Stalker growth]
  1047 | D:8      | Reached XP level 8. HP: 39/39 MP: 9/9
  1074 | D:8      | Reached skill level 10 in Unarmed Combat
  1177 | D:7      | Found Ytixacesh's Food Emporium.
  1401 | D:6      | Found a sacrificial altar of Ru.
  1404 | D:6      | Found a basalt altar of Yredelemnul.
  1415 | D:6      | Found an opulent altar of Gozag.
  1418 | D:6      | Found a shattered altar of Ashenzari.
  1480 | D:4      | Noticed an ogre
  1482 | D:4      | Killed an ogre
  1482 | D:4      | Reached skill level 11 in Unarmed Combat
  1520 | D:4      | Gained mutation: You have a pair of small antennae on your head. [potion of mutation]
  1520 | D:4      | Gained mutation: You are partially covered in slimy green scales (AC +2). [potion of mutation]
  1520 | D:4      | Gained mutation: Your spells are a little easier to cast, but a little less powerful. [potion of mutation]
  1521 | D:4      | Gained mutation: You regenerate. [potion of mutation]
  1521 | D:4      | Gained mutation: Your flesh is heat resistant. [potion of mutation]
  1669 | D:5      | Found a staircase to the Ecumenical Temple.
  1677 | Temple   | Entered the Ecumenical Temple
  1777 | Temple   | Became a worshipper of Warmaster Okawaru
  1777 | Temple   | Reached * piety under Okawaru
  1777 | Temple   | Reached ** piety under Okawaru
  1847 | D:7      | You fall through a shaft for 2 floors!
  1856 | D:9      | Reached skill level 1 in Armour
  1882 | D:9      | Reached XP level 9. HP: 35/44 MP: 10/10
  1888 | D:10     | Entered Level 10 of the Dungeon
  1900 | D:10     | Found a staircase to the Lair.
  1958 | Lair:1   | Entered Level 1 of the Lair of Beasts
  1958 | Lair:1   | Noticed a komodo dragon
  1975 | Lair:1   | Killed a komodo dragon
  1992 | Lair:1   | Reached *** piety under Okawaru
  2020 | Lair:1   | Reached skill level 5 in Fighting
  2020 | Lair:1   | Reached XP level 10. HP: 35/51 MP: 11/11
  2130 | Lair:4   | Found a staircase to the Snake Pit.
  2142 | Snake:1  | Entered Level 1 of the Snake Pit
  2142 | Snake:1  | Noticed a naga warrior
  2144 | Snake:1  | Noticed a naga sharpshooter
  2192 | Lair:4   | Reached skill level 12 in Unarmed Combat
  2303 | Lair:4   | Reached skill level 5 in Dodging
  2359 | Lair:3   | Reached **** piety under Okawaru
  2508 | Lair:4   | Found a labyrinth entrance.
  2519 | Lab      | Entered a labyrinth
  2704 | Lab      | Noticed a minotaur
  2711 | Lab      | Killed a minotaur
  2711 | Lab      | Reached ***** piety under Okawaru
  2711 | Lab      | Reached skill level 5 in Armour
  2714 | Lab      | Got a transparent ring mail
  2714 | Lab      | Identified Roxanne's Guide on Ashen Transmigration (You found it in a labyrinth)
  2714 | Lab      | Identified the Incunabulum of Confrontation (You found it in a labyrinth)
  2716 | Lab      | Gained mutation: You are partially covered in large bone plates (AC +2, SH +2). [potion of beneficial mutation]
  2727 | Lab      | Identified the +5 ring mail of Free Will {rC+} (You found it in a labyrinth)
  2736 | Lab      | Learned a level 6 spell: Statue Form
  2829 | Lair:5   | Reached XP level 11. HP: 51/57 MP: 12/12
  3002 | Lair:7   | Found a staircase to the Slime Pits.
  3018 | Lair:8   | Entered Level 8 of the Lair of Beasts
  3032 | Lair:8   | Noticed a death yak
  3035 | Lair:8   | Noticed a death yak
  3036 | Lair:8   | Noticed a death yak
  3036 | Lair:8   | Noticed a death yak
  3039 | Lair:8   | Noticed a death yak
  3039 | Lair:8   | Noticed a death yak
  3057 | Lair:8   | Killed a death yak
  3057 | Lair:8   | Received a gift from Okawaru
  3057 | Lair:8   | Received a gift from Okawaru
  3066 | Lair:8   | Killed a death yak
  3086 | Lair:8   | Killed a death yak
  3086 | Lair:8   | Reached skill level 13 in Unarmed Combat
  3178 | Lair:8   | Killed a death yak
  3192 | Lair:8   | Killed a death yak
  3202 | Lair:8   | Killed a death yak
  3221 | Lair:8   | Mutation became permanent: You regenerate. [Vine Stalker growth]
  3221 | Lair:8   | Reached XP level 12. HP: 47/63 MP: 13/13
  3262 | Lair:8   | Noticed a spriggan rider
  3271 | Lair:8   | Killed a wasp
  3272 | Lair:8   | Killed a spriggan
  3309 | Lair:8   | Got a faintly humming cloak {god gift}
  3315 | Lair:8   | Identified the +0 cloak "Magetz" {rF+ MR+ MP+9 SInv} (Okawaru gifted it to you on level 8 of the Lair of Beasts)
  3329 | Lair:8   | Noticed an eight-headed hydra
  3379 | Lair:8   | Reached skill level 14 in Unarmed Combat
  3394 | Lair:8   | Killed an eight-headed hydra
  3394 | Lair:8   | Received a gift from Okawaru
  3588 | Lair:6   | Reached skill level 15 in Unarmed Combat
  3652 | Snake:1  | Killed a naga sharpshooter
  3669 | Snake:1  | Noticed a salamander
  3673 | Snake:1  | Noticed a black mamba
  3684 | Snake:1  | Killed a salamander
  3691 | Snake:1  | Killed a black mamba
  3703 | Snake:1  | Killed a naga warrior
  3728 | Snake:2  | Noticed a naga warrior
  3729 | Snake:2  | Noticed a shock serpent
  3738 | Snake:2  | Killed a shock serpent
  3746 | Snake:2  | Killed a naga warrior
  3752 | Snake:2  | Received a gift from Okawaru
  3752 | Snake:2  | Reached XP level 13. HP: 57/68 MP: 14/14
  3764 | Snake:2  | Noticed an anaconda
  3773 | Snake:2  | Killed an anaconda
  3773 | Snake:2  | Reached skill level 16 in Unarmed Combat
  3806 | Snake:4  | Entered Level 4 of the Snake Pit
  3820 | Snake:4  | Reached skill level 1 in Spellcasting
  3820 | Snake:4  | Reached skill level 1 in Transmutations
  3820 | Snake:4  | Reached skill level 1 in Earth Magic
  3929 | Snake:3  | HP: 3/68 [shock serpent (2)]
  3929 | Snake:3  | Killed from afar by a shock serpent

Action                   |  1- 3 |  4- 6 |  7- 9 | 10-12 | 13-15 || total
-------------------------+-------+-------+-------+-------+-------++-------
Melee: Unarmed           |    50 |   126 |   223 |   471 |    48 ||   918
Invok: Heroism           |       |       |     2 |    17 |     3 ||    22
Evoke: Wand              |     2 |       |     1 |     4 |     1 ||     8
  Use: Scroll            |     4 |     4 |     5 |     6 |     1 ||    20
       Potion            |       |       |     2 |     5 |       ||     7
  Eat: Fruit             |       |       |     5 |       |       ||     5
       Beef jerky        |       |       |     5 |     1 |       ||     6
